 Dungeon Crawl Stone Soup version 0.31.0-32-g396128a36d (webtiles) character file.

Game seed: 142012679221055438

1408 BloodBishop the Mimic (level 8, 0/54 HPs)
             Began as an Octopode Shapeshifter on Mar 26, 2024.
             Was an Initiate of Gozag.
             Slain by a black bear (3 damage)
             ... on level 6 of the Dungeon.
             The game lasted 00:07:33 (4502 turns).

BloodBishop the Mimic (Octopode Shapeshifter)       Turns: 4502, Time: 00:07:34

Health: 0/54       AC:  1    Str: 13    XL:     8   Next: 70%
Magic:  8/8        EV: 18    Int: 14    God:    Gozag
Gold:   249        SH:  5    Dex: 12    Spells: 7/7 levels left

rFire   + . .        q - +2 dagger (drain)
rCold   . . .        (no shield)
rNeg    . . .        (helmet currently unavailable)
rPois   .            t - amulet of reflection
rElec   .            E - +5 ring of evasion
rCorr   .            v - ring of see invisible
SInv    +            F - ring of protection from fire
Will    .....        (no ring)
Stlth   ++           (no ring)
HPRegen 0.29/turn    (no ring)
MPRegen 0.11/turn    (no ring)
                     (no ring)

%: reflection
@: beast-form
A: beast (slay +4), almost no armour, amphibious, 8 rings, camouflage 1,
gelatinous body 1, (nimble swimmer 1), tentacles
a: Begin Untransformation, Renounce Religion, Potion Petition, Call Merchant,
Bribe Branch


You were on level 6 of the Dungeon.
You worshipped Gozag.
Gozag was aware of your devotion.
You were a hulking beast.
You visited 2 branches of the dungeon, and saw 7 of its levels.

You collected 453 gold pieces.
You spent 125 gold pieces at shops.
You paid 79 gold pieces to Gozag.


Innate Abilities, Weirdness & Mutations

You are a hulking beast.
Your limbs bulge with bestial killing power. (Slay +4)
You cannot wear most types of armour.
You are amphibious.
You can wear up to eight rings at the same time.
Your skin changes colour to match your surroundings (Stealth+).
Your rubbery body absorbs attacks. (AC +1, EV +1)
((You are camouflaged when in or above water. (Stealth+)))
You have tentacles for arms and can constrict up to eight enemies at once.


   Skills:
 - Level 4.0 Fighting
 - Level 2.0 Dodging
 - Level 3.0 Unarmed Combat
 + Level 9.4 Shapeshifting


You had 7 spell levels left.
You didn't know any spells.
Your spell library contained the following spells:

 Spells                   Type           Power      Damage    Failure   Level
 Slow                     Hex            0%         N/A       28%         1
 Ensorcelled Hibernation  Hex/Ice        0%         N/A       41%         2
 Confusing Touch          Hex            0%         N/A       65%         3
 Fugue of the Fallen      Necr           0%         N/A       65%         3
 Hailstorm                Conj/Ice       0%         3d5       65%         3
 Sigil of Binding         Hex            0%         N/A       65%         3
 Summon Ice Beast         Ice/Summ       0%         N/A       65%         3
 Vampiric Draining        Necr           0%         2d6       65%         3
 Anguish                  Hex/Necr       0%         N/A       96%         4
 Sculpt Simulacrum        Ice/Alch       0%         N/A       100%        6

Inventory:

Hand Weapons
 q - a +2 dagger of draining (weapon)
Missiles
 p - 9 poisoned darts (quivered)
Jewellery
 h - an amulet of regeneration
 t - an amulet of reflection (around mantle)
 v - a ring of see invisible (right tentacle)
 E - a +5 ring of evasion (left tentacle)
 F - a ring of protection from fire (on tentacle)
Talismans
 b - a beast talisman
 c - a flux talisman
Wands
 u - a wand of digging (6)
 y - a wand of polymorph (3)
Scrolls
 d - 4 scrolls of identify {unknown}
 e - a scroll of torment {unknown}
 f - 2 scrolls of noise {unknown}
 g - a scroll of enchant armour {unknown}
 k - 2 scrolls of vulnerability {unknown}
 n - 5 scrolls of teleportation {unknown}
 s - a scroll of fog {unknown}
 x - a scroll of poison {unknown}
 z - a scroll of fear {unknown}
 A - a scroll of blinking {unknown}
Potions
 a - 2 potions of lignification
 i - a potion of curing {unknown}
 j - a potion of invisibility {unknown}
 l - 5 potions of mutation {unknown}
 m - a potion of might {unknown}
 o - 2 potions of attraction {unknown}
 r - a potion of magic {unknown}
 w - 2 potions of cancellation {unknown}

Dungeon Overview and Level Annotations

Branches:
Dungeon (6/15)             Temple (1/1) D:5

Altars:
Cheibriados
Elyvilon
Fedhas
Gozag
Hepliaklqana
Kikubaaqudgha
Makhleb
Nemelex Xobeh
Okawaru
Qazlal
Sif Muna
Uskayaw
Vehumet
Wu Jian
Xom
Zin
The Shining One

Shops:
D:1 :   D:2 *   D:5 (

Annotations:
D:4 3 runed translucent doors, Liamsmithers's ghost, amateur MiBe

..........# ..........# .
..........###. ...........
.......$### #........#
#.$h$....# #..h.....#
#....:...# ######## #........#
.......# #........# .......#
##.####### ....<..# #.#
...)...# ####.# ###
.......###.#....#############.#
............>.................#


You could see a black bear (drained).


Message History

The black bear closely misses you.
You closely miss the black bear. You grab the black bear.
You constrict the black bear. The black bear bites you.
* * * LOW HITPOINT WARNING * * *
The black bear claws you.
* * * LOW HITPOINT WARNING * * *
The black bear barely misses you.
Unknown command.
You hit the black bear.
The black bear is lightly wounded.
You constrict the black bear. The black bear bites you!
* * * LOW HITPOINT WARNING * * *
The black bear closely misses you. The black bear claws you.
* * * LOW HITPOINT WARNING * * *
You hit the black bear.
The black bear is moderately wounded.
You constrict the black bear. The black bear completely misses you.
You block the black bear's attack. The black bear closely misses you.
Unknown command.
You hit the black bear but do no damage.
You drain the black bear.
The black bear is heavily wounded.
You constrict the black bear. The black bear barely misses you.
You block the black bear's attack. The black bear closely misses you.
You hit the black bear. You drain the black bear.
The black bear is almost dead.
You constrict the black bear. The black bear closely misses you.
The black bear claws you.
You die...
Your body crumbles into a pile of gold.

Skill      XL: |  1  2  3  4  5  6  7  8 |
---------------+-------------------------+-----
Fighting       | 2 3 4 |  4.0
Shapeshifting  | 5 6 7 9 |  9.4
Dodging        | |  2.0
Unarmed Combat | |  3.0

Action                     |  1- 3 |  4- 6 |  7- 9 || total
---------------------------+-------+-------+-------++-------
  Melee: Unarmed           |    69 |    66 |       ||   135
         Constrict         |    23 |    28 |    22 ||    73
         Punch             |     1 |     2 |     2 ||     5
         Tentacles         |    10 |    19 |    20 ||    49
         Dagger            |       |    69 |   108 ||   177
   Stab: Sleeping          |     5 |     7 |     4 ||    16
         Distracted        |       |       |     2 ||     2
 Armour: Skin              |    30 |    57 |    54 ||   141
  Dodge: Dodged            |    41 |    91 |   123 ||   255
  Block: Other             |       |       |    37 ||    37

Levels and vault maps discovered:
D:1:      moated_graveyard_arrival, layout_loops_ring, serial_shops, shop
D:2:      layout_basic, serial_shops, shop, nicolae_titane
D:3:      layout_loops_corners, mainiacjoe_overflow_alcove_1, lemuel_tele_altar,
          nrook_mini_vaults, grunt_decor_junction, hangedman_decor_riveting
D:4:      layout_basic, gammafunk_ghost_split
D:5:      minmay_general_purpose_star, layout_basic, minmay_temple_entry_glass,
          serial_shops, nicolae_shop_mannequins, goddamned_bats
D:6:      layout_basic, ashenzari_altar_1, minmay_microvault
Temple:   minmay_freezing_vapour_temple

Notes
Turn   | Place    | Note
-------+----------+-------------------------------------------
     0 | D:1      | BloodBishop the Octopode Shapeshifter began the quest for
                  | the Orb.
     0 | D:1      | Reached XP level 1. HP: 13/13 MP: 1/1
    76 | D:1      | Reached skill level 2 in Fighting
    76 | D:1      | Reached XP level 2. HP: 16/19 MP: 2/2
   346 | D:1      | Reached XP level 3. HP: 17/25 MP: 3/3
   348 | D:1      | Reached skill level 3 in Fighting
   383 | D:1      | Found Puarakuo's Book Shop.
   922 | D:2      | Reached XP level 4. HP: 22/33 MP: 4/4
  1210 | D:2      | Reached skill level 4 in Fighting
  1473 | D:2      | Found Ykicec's Assorted Antiques.
  1904 | D:3      | Found a hazy altar of Hepliaklqana.
  1959 | D:3      | Reached XP level 5. HP: 35/37 MP: 5/5
  2028 | D:3      | Reached skill level 4 in Shapeshifting
  2137 | D:3      | Found an ancient bone altar of Kikubaaqudgha.
  2718 | D:4      | Reached skill level 5 in Shapeshifting
  2718 | D:4      | Reached XP level 6. HP: 22/43 MP: 6/6
  2849 | D:4      | Found a runed translucent gate.
  2849 | D:4      | Found a runed translucent gate.
  2849 | D:4      | Noticed Liamsmithers's ghost (amateur MiBe)
  2897 | D:4      | Found a runed translucent gate.
  3228 | D:2      | Bought an opal ring for 125 gold pieces
  3302 | D:5      | Entered Level 5 of the Dungeon
  3302 | D:5      | Noticed a black bear
  3309 | D:5      | Killed a black bear
  3310 | D:5      | Reached skill level 6 in Shapeshifting
  3310 | D:5      | Reached XP level 7. HP: 37/48 MP: 7/7
  3509 | D:5      | Reached skill level 7 in Shapeshifting
  3511 | D:5      | Identified the +5 morningstar of Certain Death {heavy,
                  | ^Fragile Int+7 SInv}
  3613 | D:5      | Found a staircase to the Ecumenical Temple.
  3627 | Temple   | Entered the Ecumenical Temple
  3632 | Temple   | Became a worshipper of Gozag Ym Sagoz the Greedy
  3672 | D:5      | Noticed a +0 demon whip
  3674 | D:5      | Found Mouzuhor's Weapon Emporium.
  3675 | D:5      | Noticed a +0 quick blade
  4119 | D:6      | Reached XP level 8. HP: 40/54 MP: 8/8
  4217 | D:6      | Noticed a yak
  4232 | D:6      | Killed a yak
  4233 | D:6      | Reached skill level 8 in Shapeshifting
  4436 | D:6      | Reached skill level 9 in Shapeshifting
  4499 | D:6      | HP: 5/54 [black bear (7)]
  4499 | D:6      | HP: 2/54 [black bear (3)]
  4502 | D:6      | Slain by a black bear

Vanquished Creatures
  A yak (D:6)
  2 sky beasts (D:6)
  3 black bears
  2 bullfrogs (D:6)
  2 scorpions
  A vampire bat (D:5)
  3 hounds
  A sleepcap (D:5)
  3 iguanas
  2 orc wizards
  12 adders
  3 ribbon worms
  2 dart slugs
  12 orcs
  2 spectral bats (D:5)
  17 bats
  3 bat skeletons (D:5)
  A bat zombie (D:5)
  5 endoplasms
  3 fire bats (D:5)
  5 giant cockroaches
  11 hobgoblins
  4 jackals (D:1)
  3 quokkas
  5 ball pythons
  A bat simulacrum (D:5)
  4 frilled lizards
  5 goblins
  5 kobolds
  5 rats
128 creatures vanquished.

Table legend: (Time is in decaauts)
 A = Elapsed time spent in this place.
 B = Non-inter-level travel time spent in this place.
 C = Inter-level travel time spent in this place.
 D = Time resting spent in this place.
 E = Time spent auto-exploring this place.
 F = Levels seen in this place.
 G = Mean time per level.
                   A        B        C        D        E       F      G
               +--------+--------+--------+--------+--------+-----+--------+
         Total |   4493 |   4286 |    207 |    106 |   3310 |   7 |  641.9 |
       Dungeon |   4482 |   4280 |    202 |    106 |   3310 |   6 |  747.0 |
        Temple |     10 |      5 |      5 |      0 |      0 |   1 |   10.0 |
               +--------+--------+--------+--------+--------+-----+--------+

Top non-repeatable levels by time:
     D:3: 965 daAuts
     D:2: 851 daAuts
     D:5: 791 daAuts
     D:1: 745 daAuts
     D:4: 732 daAuts
     D:6: 396 daAuts
  Temple: 10 daAuts

Table legend:
 A = Non-vault XP
 B = Vault XP
 C = Vault XP percentage of total XP
 D = Non-vault monster count
 E = Vault monster count
 F = Vault count percentage of total count
                 A         B        C        D         E       F
            +---------+---------+-------+---------+---------+-------
      Total |    1543 |     469 |  23.3 |     103 |      25 |  19.5
            +---------+---------+-------+---------+---------+-------
        D:1 |      46 |       0 |   0.0 |      26 |       0 |   0.0
        D:2 |      89 |       0 |   0.0 |      23 |       0 |   0.0
        D:3 |     118 |       0 |   0.0 |      23 |       0 |   0.0
        D:4 |     245 |       0 |   0.0 |      17 |       0 |   0.0
        D:5 |     383 |     270 |  41.3 |       7 |      24 |  77.4
        D:6 |     662 |     199 |  23.1 |       7 |       1 |  12.5
            +---------+---------+-------+---------+---------+-------
